AoeStats
← TIMVP

Arena

510112562Analyzed
2v2 RM · 2d ago on Sep 29, 2026· 40m 29s· 4 players
Game mode
Random Map
Map size
Medium (4 player)
Population
200
Speed
Normal
Resources
Standard
Victory
Conquest
Starting age
Dark Age
Ending age
Imperial Age
RankedLock teamsTeams togetherTeam positionsShared explorationLock speedFull tech treeHidden civsTurbo modeCheats
Victory
Defeat
🇪🇸 Romans · Spain
797
+14
🇪🇸 Franks · Spain
781
+15
🇵🇪 Gurjaras · Peru
769
-15
🇵🇪 Aztecs · Peru
753
-14
TIMVP
10:57 Feudal Age
11:26 Double-Bit Axe
12:46 Loom
12:58 Horse Collar
13:58 Wheelbarrow
19:18 Castle Age
19:22 Gold Mining
21:15 Bow Saw
24:31 Heavy Plow
28:40 Imperial Age
28:37 Husbandry
32:29 Crop Rotation
32:16 Stone Mining
35:27 Conscription
36:30 Bloodlines
35:42 Elite Shrivamsha Rider
37:24 Scale Barding Armor
37:33 Forging
38:10 Hand Cart
38:31 Town Watch
A†ilA
8:01 Loom
10:46 Feudal Age
12:29 Wheelbarrow
13:09 Double-Bit Axe
17:03 Town Watch
17:09 Town Watch
25:52 Castle Age
26:01 Pikeman
26:27 Gambesons
26:44 Squires
27:00 Horse Collar
28:39 Elite Skirmisher
33:32 Hand Cart
34:32 Bow Saw
35:53 Forging
35:44 Scale Mail Armor
38:56 Crossbowman
indy
13:44 Feudal Age
15:37 Horse Collar
15:45 Double-Bit Axe
21:11 Castle Age
21:52 Scale Barding Armor
21:58 Forging
22:25 Heavy Plow
22:37 Bow Saw
23:54 Wheelbarrow
23:56 Stone Mining
23:58 Town Watch
24:21 Gold Mining
26:12 Caravan
28:09 Hand Cart
31:46 Ballistics
31:36 Murder Holes
34:16 Imperial Age
33:11 Gold Shaft Mining
34:05 Ballistas
36:08 Chemistry
35:34 Conscription
35:02 Heavy Scorpion
36:35 Pikeman
37:16 Squires
37:20 Scale Mail Armor
37:56 Iron Casting
37:23 Town Patrol
#iNFANTES6#
9:22 Feudal Age
9:58 Feudal Age
15:43 Castle Age
13:44 Double-Bit Axe
15:55 Forging
17:00 Bow Saw
17:32 Scale Barding Armor
20:02 Iron Casting
20:24 Wheelbarrow
21:01 Husbandry
22:59 Hand Cart
23:10 Town Watch
25:35 Chain Barding Armor
25:25 Loom
31:39 Imperial Age
33:45 Blast Furnace
33:21 Plate Barding Armor
34:20 Chemistry
33:26 Siege Engineers
32:55 Cavalier
35:36 Conscription
35:18 Chivalry
37:04 Paladin
38:10 Fletching
37:59 Heavy Scorpion
Connection lost

Rejoining the realm…

Still unreachable

The connection could not be restored.

Session expired

The server has moved on; the page needs a fresh start.